Map: Terrasses de Prion

Players

Saoulriant

  • Race: Terran Terran
  • League: Silver

pupu - Winner!

  • Race: Protoss Protoss
  • League: Silver

VOD

Have the link to the VOD?

Description

Time

  • Played on: April 1, 2016, 2:55 p.m.
  • Length: 5:25
Show
View Real Time Build Order
Export as new Build Order

Saoulriant Terran 

Build Orders:  

Get SALT Encoding   

  12  0:01  SCV  
  13  0:22  Supply Depot  
  13  0:31  SCV  
  14  0:47  Barracks  
  14  0:57  SCV  
  15  1:11  Barracks  
  15  1:25  SCV  
  16  1:36  Marine  
  16  1:39  SCV  
  18  1:46  Barracks  
  18  1:51  Barracks  
  18  1:52  Barracks  
  19  1:54  Marine, SCV  
  20  2:01  Marine  
  21  2:11  Supply Depot  
  21  2:14  Marine  
  22  2:19  Marine  
  23  2:28  Orbital Command  
  23  2:34  Marine  
  23  2:35  Marine  
  25  2:41  Supply Depot  
  25  2:47  Marine  
  25  2:49  Marine  
  27  2:52  Marine  
  27  2:57  Marine  
  29  3:06  SCV  
  29  3:07  Marine x2  
  29  3:09  Marine  
  33  3:17  Marine x2  
  35  3:25  Marine x2  
  37  3:27  Marine  
  38  3:34  Marine  
  38  3:38  Supply Depot  
  39  3:55  Marine  
  39  4:00  Marine x4  
  43  4:13  Marine  
  44  4:17  Marine x3  
  44  4:21  SCV  
  44  4:22  Marine  
  46  4:30  Marine  
  46  4:33  SCV  
  47  4:51  Marine  
  47  4:53  Marine  
  47  4:55  Marine x2  
  47  4:56  Marine  
Show
View Real Time Build Order
Export as new Build Order

pupu Protoss - Winner!

Build Orders: Oracle Opening, Mass Adepts 

Get SALT Encoding   

  12  0:01  Probe (Chrono Boost)  
  13  0:11  Probe (Chrono Boost)  
  14  0:21  Pylon  
  14  0:29  Probe (Chrono Boost)  
  15  0:40  Probe (Chrono Boost)  
  16  0:43  Gateway  
  16  0:47  Assimilator  
  16  0:50  Probe (Chrono Boost)  
  17  1:01  Probe (Chrono Boost)  
  19  1:11  Probe (Chrono Boost)  
  19  1:19  Pylon  
  19  1:22  Probe (Chrono Boost)  
  20  1:32  Probe (Chrono Boost)  
  21  1:35  Cybernetics Core  
  20  1:43  Probe (Chrono Boost)  
  21  1:47  Zealot  
  21  1:53  Assimilator  
  23  1:55  Pylon  
  23  2:04  Gateway x2  
  23  2:11  Warp Gate (Chrono Boost)  
  23  2:12  Probe (Chrono Boost)  
  23  2:15  Stalker  
  26  2:25  Probe  
  28  2:37  Probe  
  28  2:44  Pylon  
  28  2:46  Gateway  
  28  2:50  Stargate  
  28  2:53  Adept  
  30  3:02  Adept  
  32  3:10  Probe  
  33  3:20  Forge  
  33  3:25  Pylon  
  33  3:34  Oracle (Chrono Boost)  
  34  4:01  Mothership Core (Chrono Boost)  
  36  4:06  Adept x2  
  36  4:07  Adept x2  
  40  4:38  Adept x3  
  46  4:58  Adept x3  
  46  4:59  Adept  
Tags
 
Add a new tag
Caveats
  • Supply blocks, unpowered buildings, or Contaminate may cause inaccurate times.
  • Supply counts are checked every 10 seconds.